NWL (28 & UNDER)
BISMARCK BARONS @ SAN DIEGO SMASHERS
04/26/2030
 
TOP OF THE 1ST
Bismarck Barons batting - Pitching for San Diego Smashers : LHP Brock Saunders
Pitching: LHP Brock Saunders
Batting: RHB Nelson Castro 0-0: Called Strike
0-1: SINGLE (Groundball, 34S) (infield hit)
Batting: RHB Gary Roberts 0-0: Foul Ball, location: 2F
0-1: Ball
1-1: Called Strike
1-2: Ball
2-2: Ball
Nelson Castro steals 2nd base
3-2: Base on Balls
Batting: RHB Jonathan Jackson 0-0: Swinging Strike
0-1: Ball
1-1: SINGLE (Groundball, 56D)
Nelson Castro to third
Gary Roberts to second
Runner from 3rd tries for Home, SAFE, no throw
Batting: RHB Jonathan Reynolds 0-0: SINGLE (Groundball, 56D)
Gary Roberts to third
Jonathan Jackson to second
Runner from 3rd tries for Home, SAFE, no throw
Batting: RHB Jason Smith 0-0: Ball
1-0: SINGLE (Line Drive, 6MD)
Jonathan Jackson to third
Jonathan Reynolds to second
Batting: RHB Chet White 0-0: Ball
1-0: Grounds into double play, 5-4-3 (Groundball, 56)
Jonathan Jackson scores
Jonathan Reynolds to third
Batting: RHB Felipe Domínguez 0-0: Called Strike
0-1: Ball
1-1: Foul Ball, location: 2F
1-2: Foul Ball, location: 2F
1-2: Foul Ball, location: 2F
1-2: Foul Ball, location: 2F
1-2: Strikes out swinging
Top of the 1st over - 3 runs, 4 hits, 0 errors, 1 left on base; Bismarck 3 - San Diego 0
BOTTOM OF THE 1ST
San Diego Smashers batting - Pitching for Bismarck Barons : LHP Dave Hoffman
Pitching: LHP Dave Hoffman
Batting: LHB Vernon Hill 0-0: Foul Ball, location: 2F
0-1: Foul Ball, location: 2F
0-2: Ball
1-2: Strikes out swinging
Batting: LHB Jon Rogers 0-0: Ball
1-0: Ball
2-0: Ground out 3-1 (Groundball, 34S)
Batting: LHB John White 0-0: Called Strike
0-1: Swinging Strike
0-2: Strikes out swinging
Bottom of the 1st over - 0 runs, 0 hits, 0 errors, 0 left on base; Bismarck 3 - San Diego 0
TOP OF THE 2ND
Bismarck Barons batting - Pitching for San Diego Smashers : LHP Brock Saunders
Batting: LHB Johnny Foley 0-0: Called Strike
0-1: Ball
1-1: Called Strike
1-2: Ground out 4-3 (Groundball, 34)
Batting: RHB Miguel Trejo 0-0: Ground out 6-3 (Groundball, 6)
Batting: RHB Nelson Castro 0-0: Called Strike
0-1: Foul Ball, location: 2F
0-2: SINGLE (Groundball, 56D)
Batting: RHB Gary Roberts 0-0: Ball
1-0: Fly out, F6 (Line Drive, 56)
Top of the 2nd over - 0 runs, 1 hit, 0 errors, 1 left on base; Bismarck 3 - San Diego 0
BOTTOM OF THE 2ND
San Diego Smashers batting - Pitching for Bismarck Barons : LHP Dave Hoffman
Batting: RHB Gerald Davis 0-0: Ball
1-0: Ball
2-0: Called Strike
2-1: Ball
3-1: Fly out, F4 (Popup, 4M)
Batting: RHB Ramón Ramírez 0-0: Ball
1-0: Called Strike
1-1: SINGLE (Flyball, 89S)
Batting: RHB Ray Rogers 0-0: Fly out, F3 (Line Drive, 3S)
Lined into DP, U3 (Line Drive, 3S)
Bottom of the 2nd over - 0 runs, 1 hit, 0 errors, 0 left on base; Bismarck 3 - San Diego 0
TOP OF THE 3RD
Bismarck Barons batting - Pitching for San Diego Smashers : LHP Brock Saunders
Batting: RHB Jonathan Jackson 0-0: Called Strike
0-1: Foul Ball, location: 2F
0-2: Strikes out swinging
Batting: RHB Jonathan Reynolds 0-0: Fly out, F7 (Flyball, 7LSF)
Batting: RHB Jason Smith 0-0: Called Strike
0-1: Ball
1-1: Ball
2-1: Foul Ball, location: 2F
2-2: Ball
3-2: SINGLE (Groundball, 56D)
Batting: RHB Chet White 0-0: Ground out 6-3 (Groundball, 6S)
Top of the 3rd over - 0 runs, 1 hit, 0 errors, 1 left on base; Bismarck 3 - San Diego 0
BOTTOM OF THE 3RD
San Diego Smashers batting - Pitching for Bismarck Barons : LHP Dave Hoffman
Batting: RHB Preston Wooten 0-0: Ball
1-0: Ball
2-0: Fly out, F7 (Flyball, 7LS)
Batting: LHB Dale Miller 0-0: Fly out, F5 (Line Drive, 5)
Batting: LHB Nick Hill 0-0: Fly out, F8 (Line Drive, 78D)
Bottom of the 3rd over - 0 runs, 0 hits, 0 errors, 0 left on base; Bismarck 3 - San Diego 0
TOP OF THE 4TH
Bismarck Barons batting - Pitching for San Diego Smashers : LHP Brock Saunders
Batting: RHB Felipe Domínguez 0-0: Called Strike
0-1: Ball
1-1: Ground out 5-3 (Groundball, 56)
Batting: LHB Johnny Foley 0-0: Foul Ball, location: 2F
0-1: Foul Ball, location: 2F
0-2: Strikes out swinging
Batting: RHB Miguel Trejo 0-0: Ball
1-0: Called Strike
1-1: Called Strike
1-2: Strikes out looking
Top of the 4th over - 0 runs, 0 hits, 0 errors, 0 left on base; Bismarck 3 - San Diego 0
BOTTOM OF THE 4TH
San Diego Smashers batting - Pitching for Bismarck Barons : LHP Dave Hoffman
Batting: LHB Vernon Hill 0-0: Called Strike
0-1: Ball
1-1: Ball
2-1: Swinging Strike
2-2: Ball
3-2: Strikes out looking
Pitching: RHP Hugh Rankin
Batting: LHB Jon Rogers 0-0: Ball
1-0: Foul Ball, location: 2F
1-1: Ground out U3 (Groundball, 3)
Batting: LHB John White 0-0: Ball
1-0: Foul Ball, location: 2F
1-1: Foul Ball, location: 2F
1-2: Fly out, F7 (Flyball, 78M)
Bottom of the 4th over - 0 runs, 0 hits, 0 errors, 0 left on base; Bismarck 3 - San Diego 0
TOP OF THE 5TH
Bismarck Barons batting - Pitching for San Diego Smashers : LHP Brock Saunders
Batting: RHB Nelson Castro 0-0: Called Strike
0-1: Ball
1-1: Foul Ball, location: 2F
1-2: Foul Ball, location: 2F
1-2: Strikes out swinging
Batting: RHB Gary Roberts 0-0: Called Strike
0-1: Ball
1-1: Foul Ball, location: 2F
1-2: Foul Ball, location: 2F
1-2: Ball
2-2: Ball
3-2: Strikes out looking
Batting: RHB Jonathan Jackson 0-0: Swinging Strike
0-1: Called Strike
0-2: Strikes out swinging
Top of the 5th over - 0 runs, 0 hits, 0 errors, 0 left on base; Bismarck 3 - San Diego 0
BOTTOM OF THE 5TH
San Diego Smashers batting - Pitching for Bismarck Barons : RHP Hugh Rankin
Batting: RHB Gerald Davis 0-0: Called Strike
0-1: Foul Ball, location: 2F
0-2: Strikes out swinging
Batting: RHB Ramón Ramírez 0-0: Ball
1-0: Foul Ball, location: 2F
1-1: Ground out 4-3 (Groundball, 4)
Batting: RHB Ray Rogers 0-0: Ground out 6-3 (Groundball, 6)
Bottom of the 5th over - 0 runs, 0 hits, 0 errors, 0 left on base; Bismarck 3 - San Diego 0
TOP OF THE 6TH
Bismarck Barons batting - Pitching for San Diego Smashers : LHP Brock Saunders
Batting: RHB Jonathan Reynolds 0-0: Ball
1-0: Ball
2-0: Swinging Strike
2-1: Ball
3-1: Base on Balls
Batting: RHB Jason Smith 0-0: Called Strike
0-1: Ball
1-1: Foul Ball, location: 2F
1-2: Fly out, F7 (Line Drive, 7D)
Batting: RHB Chet White 0-0: Ball
1-0: Called Strike
1-1: Called Strike
1-2: Hit by Pitch
Jonathan Reynolds to second
Batting: RHB Felipe Domínguez 0-0: Foul Ball, location: 2F
0-1: Ball
1-1: Ball
2-1: Called Strike
2-2: Ball
3-2: Foul Ball, location: 2F
3-2: Foul Ball, location: 2F
3-2: Foul Ball, location: 2F
3-2: Foul Ball, location: 2F
3-2: Base on Balls
Jonathan Reynolds to third
Chet White to second
Pitching: LHP Doug Ledoux
Batting: LHB Johnny Foley 0-0: SINGLE (Groundball, 6D)
Jonathan Reynolds scores
Chet White to third
Felipe Domínguez to second
Runner from 3rd tries for Home, SAFE, no throw
Batting: RHB Miguel Trejo 0-0: Called Strike
0-1: Reached via error on a dropped throw, E6
Felipe Domínguez to third
Johnny Foley to second
Batting: RHB Nelson Castro 0-0: Foul Ball, location: 2F
0-1: Foul Ball, location: 2F
0-2: Foul Ball, location: 2F
0-2: Ball
1-2: Foul Ball, location: 2F
1-2: Ball
Wild Pitch!
Felipe Domínguez scores
Johnny Foley to third
Miguel Trejo to second
2-2: Strikes out swinging
Batting: RHB Gary Roberts 0-0: Ground out 6-3 (Groundball, 6)
Top of the 6th over - 3 runs, 1 hit, 1 error, 2 left on base; Bismarck 6 - San Diego 0
BOTTOM OF THE 6TH
San Diego Smashers batting - Pitching for Bismarck Barons : RHP Hugh Rankin
Batting: RHB Preston Wooten 0-0: Called Strike
0-1: Ground out 5-3 (Groundball, 56S)
Batting: LHB Dale Miller 0-0: Fly out, F4 (Flyball, 34D)
Batting: LHB Nick Hill 0-0: Called Strike
0-1: Ground out 6-3 (Groundball, 6)
Bottom of the 6th over - 0 runs, 0 hits, 0 errors, 0 left on base; Bismarck 6 - San Diego 0
TOP OF THE 7TH
Bismarck Barons batting - Pitching for San Diego Smashers : LHP Doug Ledoux
Batting: RHB Jonathan Jackson 0-0: Ball
1-0: SINGLE (Groundball, 34D)
Batting: RHB Jonathan Reynolds 0-0: SINGLE (Flyball, 8LS)
Jonathan Jackson to second
Batting: RHB Jason Smith 0-0: Called Strike
0-1: SINGLE (Groundball, 6MD)
Jonathan Jackson to third
Jonathan Reynolds to second
Runner from 3rd tries for Home, SAFE, throw made home
Batting: RHB Chet White 0-0: Ball
1-0: Foul Ball, location: 2F
1-1: Called Strike
1-2: DOUBLE (Line Drive, 78XD)
Jonathan Reynolds scores
Jason Smith to third
Batting: RHB Felipe Domínguez 0-0: Ball
1-0: Foul Ball, location: 2F
1-1: Ball
Passed Ball!
Jason Smith scores
Chet White to third
2-1: Ball
3-1: Base on Balls
Batting: LHB Johnny Foley 0-0: Ball
1-0: Foul Ball, location: 2F
1-1: Ball
2-1: Ball
3-1: Foul Ball, location: 2F
3-2: Foul Ball, location: 2F
3-2: Foul Ball, location: 2F
3-2: Base on Balls
Felipe Domínguez to second
Batting: RHB Miguel Trejo 0-0: Called Strike
0-1: Swinging Strike
0-2: Ball
1-2: Ball
2-2: Grounds into double play, 4-6-3 (Groundball, 4)
Chet White scores
Felipe Domínguez to third
Batting: RHB Nelson Castro 0-0: Foul Ball, location: 2F
0-1: Foul Ball, location: 2F
0-2: Ball
1-2: Foul Ball, location: 2F
1-2: Ground out 6-3 (Groundball, 6)
Top of the 7th over - 4 runs, 4 hits, 0 errors, 1 left on base; Bismarck 10 - San Diego 0
BOTTOM OF THE 7TH
San Diego Smashers batting - Pitching for Bismarck Barons : RHP Hugh Rankin
Batting: LHB Vernon Hill 0-0: Ground out 6-3 (Groundball, 6M)
Batting: LHB Jon Rogers 0-0: Ball
1-0: Swinging Strike
1-1: Called Strike
1-2: SINGLE (Line Drive, 4D)
Batting: LHB John White 0-0: Ball
1-0: Called Strike
1-1: Swinging Strike
1-2: Ball
2-2: Ball
3-2: DOUBLE (Line Drive, 9LD)
Jon Rogers to third
Jon Rogers scores
Batting: RHB Gerald Davis 0-0: Called Strike
0-1: Called Strike
0-2: Fly out, F8 (Line Drive, 8LS)
Batting: RHB Ramón Ramírez 0-0: Ball
1-0: Swinging Strike
1-1: Called Strike
1-2: Ball
2-2: Strikes out swinging
Bottom of the 7th over - 1 run, 2 hits, 0 errors, 1 left on base; Bismarck 10 - San Diego 1
TOP OF THE 8TH
Bismarck Barons batting - Pitching for San Diego Smashers : LHP Doug Ledoux
Batting: RHB Gary Roberts 0-0: Ground out 4-3 (Groundball, 34D)
Batting: RHB Jonathan Jackson 0-0: Ball
1-0: Ball
2-0: Called Strike
2-1: Foul Ball, location: 2F
2-2: Strikes out swinging
Batting: RHB Jonathan Reynolds 0-0: Ground out 6-3 (Groundball, 6)
Top of the 8th over - 0 runs, 0 hits, 0 errors, 0 left on base; Bismarck 10 - San Diego 1
BOTTOM OF THE 8TH
San Diego Smashers batting - Pitching for Bismarck Barons : RHP Hugh Rankin
Batting: RHB Ray Rogers 0-0: Ball
1-0: Ball
2-0: Ball
3-0: Called Strike
3-1: Base on Balls
Batting: RHB Preston Wooten 0-0: Foul Ball, location: 2F
0-1: Foul Ball, location: 2F
0-2: Foul Ball, location: 2F
0-2: Ball
Wild Pitch!
Ray Rogers to second
1-2: Ball
2-2: Foul Ball, location: 2F
2-2: Ball
3-2: Fly out, F5 (Line Drive, 5L)
Batting: LHB Dale Miller 0-0: Ball
1-0: Called Strike
1-1: Ball
2-1: Called Strike
2-2: Ground out 1-3 (Groundball, 13)
Ray Rogers to third
Batting: LHB Nick Hill 0-0: Ball
1-0: Called Strike
1-1: Foul Ball, location: 2F
1-2: DOUBLE (Line Drive, 9LM)
Ray Rogers scores
Batting: LHB Vernon Hill 0-0: Ball
1-0: Ball
2-0: Foul Ball, location: 2F
2-1: Fly out, F7 (Flyball, 7LM)
Bottom of the 8th over - 1 run, 1 hit, 0 errors, 1 left on base; Bismarck 10 - San Diego 2
TOP OF THE 9TH
Bismarck Barons batting - Pitching for San Diego Smashers : LHP Doug Ledoux
Pitching: RHP Maurice Green
Batting: RHB Jason Smith 0-0: Ball
1-0: Ball
2-0: Foul Ball, location: 2F
2-1: SINGLE (Groundball, 4D)
Batting: RHB Chet White 0-0: Ball
1-0: Fielders Choice at 2nd, 6-4 (Groundball, 6)
Batting: RHB Felipe Domínguez 0-0: Ball
1-0: Fielders Choice at 2nd, 6-4 (Groundball, 6)
Batting: LHB Johnny Foley 0-0: Ball
1-0: Called Strike
1-1: Ball
2-1: Ball
3-1: Base on Balls
Felipe Domínguez to second
Batting: RHB Miguel Trejo 0-0: Called Strike
0-1: Ground out 1-3 (Groundball, 13S)
Top of the 9th over - 0 runs, 1 hit, 0 errors, 2 left on base; Bismarck 10 - San Diego 2
BOTTOM OF THE 9TH
San Diego Smashers batting - Pitching for Bismarck Barons : RHP Hugh Rankin
Now at 1B: Pancho Álvarez
Batting: LHB Jon Rogers 0-0: Ball
1-0: DOUBLE (Line Drive, 7LS)
Batting: LHB John White 0-0: Called Strike
0-1: Ball
1-1: Ball
2-1: SINGLE (Groundball, 56D)
Jon Rogers to third
Batting: RHB Gerald Davis 0-0: Ball
1-0: Ball
2-0: Foul Ball, location: 2F
2-1: SINGLE (Line Drive, 78S)
Jon Rogers scores
John White to second
Batting: RHB Ramón Ramírez 0-0: Ball
1-0: Called Strike
1-1: Ball
2-1: Swinging Strike
2-2: Foul Ball, location: 2F
2-2: Ball
3-2: Base on Balls
John White to third
Gerald Davis to second
Batting: RHB Ray Rogers 0-0: Grounds into fielders choice 1-2 (Groundball, P)
Gerald Davis to third
Ramón Ramírez to second
Batting: RHB Preston Wooten 0-0: Ball
1-0: Called Strike
1-1: Swinging Strike
1-2: Grounds into double play, 5-4-3 (Groundball, 56)
Bottom of the 9th over - 1 run, 3 hits, 0 errors, 2 left on base; Bismarck 10 - San Diego 3
Saturday, April 7th, 2018 - OOTP Baseball 18.8 Build 76